 Dungeon Sprint DCSS version 0.27-a0-1273-gec92ba881d (webtiles) character file.

Game seed: 9520331519323479377

23333 mhtbhm the Fencer (level 12, -8/114 HPs)
             Began as a Demonspawn Berserker on June 12, 2021.
             Was the Champion of Trog.
             Mangled by a merfolk impaler
             ... wielding a +2 trident of protection
              (14 damage)
             ... in the Dungeon (Sprint IX: "|||||||||||||||||||||||||||||").
             The game lasted 00:08:23 (3162 turns).

mhtbhm the Fencer (Demonspawn Berserker)            Turns: 3162, Time: 00:08:24

Health: -8/114     AC: 26    Str: 25    XL:     12   Next: 70%
Magic:  0/12       EV: 11    Int:  8    God:    Trog [******]
Gold:   1368       SH:  9    Dex: 14    Spells: 11/11 levels left

rFire    . . .     SeeInvis .   z - +5 great sword (vorpal)
rCold    . . .     Faith    .   (shield currently unavailable)
rNeg     + . .     Spirit   +   b - +1 plate armour {rN+}
rPois    +         Reflect  +   (helmet restricted)
rElec    .         Harm     .   t - +0 cloak
rCorr    .         Rampage  .   E - +0 pair of gloves {archery}
Will     ++...     NoTele   +   u - +2 pair of boots {Fly}
Stlth    ..........             v - amulet of reflection
HPRegen  1.29/turn              l - +3 ring of strength
MPRegen  0.26/turn              w - ring of poison resistance

@: strong-willed, on berserk cooldown, flying, mesmerised, regenerating, slowed,
very slow
A: antennae 1, molten scales 2, magic shield, magic regeneration, condensation
shield
a: Renounce Religion, Berserk, Trog's Hand, Brothers in Arms


You were in the Dungeon.
You worshipped Trog.
Trog was exalted by your worship.
You visited 1 branch You collected 1948 gold pieces.
You spent 580 gold pieces at shops.

Inventory:

Hand Weapons
 a - a +4 great sword of flaming
 z - a +5 vorpal great sword (weapon)
 D - the +3 sling "Punk" {acid, rCorr}
   (You found it in the Dungeon)

   It protects you from acid and corrosion.
Missiles
 x - 2 throwing nets
Armour
 b - a +1 plate armour of positive energy (worn)
 t - a +0 cloak (worn)
 u - a +2 pair of boots of flying (worn)
 E - a +0 pair of gloves of archery (worn)
Jewellery
 l - a +3 ring of strength (left hand)
 v - an amulet of reflection (around neck)
 w - a ring of poison resistance (right hand)
 C - a ring of see invisible
Wands
 j - a wand of iceblast (8)
 m - a wand of polymorph (15)
 y - a wand of digging (4)
Scrolls
 h - a scroll of blinking
 k - a scroll of identify
 q - 6 scrolls of enchant weapon
 r - 4 scrolls of enchant armour
 s - 2 scrolls of fear
 F - a scroll of fog
Potions
 c - 4 potions of curing
 d - 3 potions of heal wounds
 e - 3 potions of haste
 f - 4 potions of magic
 g - 4 potions of berserk rage
 i - a potion of invisibility
 n - 2 potions of resistance
 o - 2 potions of mutation
 p - a potion of attraction


   Skills:
 + Level 17.1 Fighting
 + Level 18.6 Long Blades
 + Level 13.4 Armour
 + Level 9.3 Dodging
 + Level 4.0 Stealth
 + Level 5.8 Shields
 + Level 1.4 Evocations


You had 11 spell levels left.
You didn't know any spells.
Your spell library was empty.

Dungeon Overview and Level Annotations

Branches:
Dungeon (1/1)

Altars:
Cheibriados
Dithmenos
Elyvilon
Fedhas
Gozag
Hepliaklqana
Kikubaaqudgha
Makhleb
Nemelex Xobeh
Okawaru
Qazlal
Ru
Sif Muna
Trog
Uskayaw
Vehumet
Wu Jian
Xom
Yredelemnul
Zin
The Shining One
Beogh
Jiyva
Lugonu

Shops:
D !==(


Innate Abilities, Weirdness & Mutations

You have a pair of small antennae on your head.
You are mostly covered in molten scales. (AC +3)
When hurt, damage is shared between your health and your magic reserves.
You regenerate magic rapidly.
A meltable shield of frost defends you. (SH +4)


Message History

You block the merfolk impaler's attack.
The merfolk siren hits you but does no damage.
The merfolk impaler hits you but does no damage.
The merfolk siren chants its luring song.
Unknown command.
You barely miss the merfolk impaler.
The merfolk impaler is heavily wounded.
The merfolk impaler hits you with a +2 trident of protection!!
* * * LOW HITPOINT WARNING * * *
The merfolk impaler closely misses you.
The merfolk siren chants its luring song.
You miss the merfolk impaler.
The merfolk impaler is heavily wounded.
The merfolk impaler hits you but does no damage.
You block the merfolk impaler's attack.
The merfolk siren chants its luring song.
Unknown command.
You feel much better.
The merfolk impaler hits you but does no damage.
You block the merfolk siren's attack.
The merfolk impaler hits you with a +2 trident of protection!
* * * LOW HITPOINT WARNING * * *
The merfolk impaler hits you but does no damage.
Unknown command.
You feel better.
The merfolk siren chants its luring song.
The merfolk impaler hits you with a +2 trident of protection.
* * * LOW HITPOINT WARNING * * *
The merfolk impaler hits you but does no damage.
The merfolk siren chants its luring song.
Unknown command.
Okay, then.
Your skin crawls.
You feel strong-willed. You block the merfolk impaler's attack.
The merfolk siren chants its luring song.
The merfolk impaler hits you with a +2 trident of protection!
* * * LOW HITPOINT WARNING * * *
The merfolk impaler hits you with a +2 trident of protection!
You die... {{{{{{{

♣▓▓▓▓▓▓▓▓▓▓▓▓▓▓▓▓▓▓▓▓▓▓
{{{{{{{{{+...mm@†)))............
▓♣♣♣♣♣♣♣♣♣♣▓▓▓▓▓▓▓▓▓▓▓▓▓▓▓▓▓▓▓▓▓▓
.................................
▓▓▓▓▓▓▓▓▓▓▓▓▓▓▓▓▓▓▓▓▓▓▓▓▓▓▓▓▓▓▓▓▓
....[[[[[[[[.)))).)))....='......
▓▓▓▓▓▓▓▓▓▓▓▓▓▓▓▓▓▓▓▓▓▓▓▓▓▓▓▓▓▓▓▓▓
.......).........................
▓▓▓▓▓▓▓▓▓▓▓▓▓▓▓▓▓▓▓▓▓▓▓▓▓▓▓▓▓▓▓▓▓
.)))))))'....))))))))))..........


You could see a merfolk impaler and a merfolk siren (mesmerising).

Vanquished Creatures
  A stone giant (D)
  3 ettins (D)
  3 fire dragons (D)
  Harold (D)
  2 centaur warriors (D)
  4 two-headed ogres (D)
  2 ogre magi (D)
  2 sea snakes (D)
  A harpy (D)
  A necromancer (D)
  2 manticores (D)
  A deep elf pyromancer (D)
  An ugly thing (D)
  A cyclops (D)
  A water nymph (D)
  Maurice (D)
  4 cane toads (D)
  An unseen horror (D)
  2 wind drakes (D)
  A merfolk (D)
  A troll (D)
  2 slime creatures (D)
  A blink frog (D)
  Eustachio (D)
  5 yaks (D)
  3 basilisks (D)
  4 wargs (D)
  A water moccasin (D)
  3 hell hounds (D)
  4 orc warriors (D)
  A necrophage (D)
  2 ogres (D)
  A wolf (D)
  A centaur (D)
  5 bullfrogs (D)
  A hound (D)
  2 orc priests (D)
  An iguana (D)
  2 orc wizards (D)
  6 orcs (D)
  A ball python (D)
  An endoplasm (D)
  2 quokkas (D)
  A ball python zombie (D)
  A giant cockroach zombie (D)
  A kobold (D)
  A quokka skeleton (D)
  A rat (D)
91 creatures vanquished.

Vanquished Creatures (collateral kills)
  An orc high priest (D)
  A deep elf pyromancer (D)
  2 orc knights (D)
  An orc sorcerer (D)
  5 orc warriors (D)
  6 ogres (D)
  An orc priest (D)
  2 orcs (D)
19 creatures vanquished.

Vanquished Creatures (others)
  A boggart (D)
1 creature vanquished.

Grand Total: 111 creatures vanquished

Notes
Turn   | Place    | Note
-------+----------+-------------------------------------------
     0 | D        | mhtbhm the Demonspawn Berserker began the quest for the
                  | Orb.
     0 | D        | Reached XP level 1. HP: 18/18 MP: 1/1
     6 | D        | Reached skill level 3 in Long Blades
    12 | D        | Reached ** piety under Trog
   176 | D        | Noticed an iguana
   176 | D        | Noticed a necrophage
   176 | D        | Noticed a hound
   178 | D        | Killed a hound
   179 | D        | Reached skill level 4 in Long Blades
   179 | D        | Gained mutation: You are partially covered in molten
                  | scales. (AC +2) [demonic ancestry]
   179 | D        | Reached XP level 2. HP: 26/26 MP: 2/2
   179 | D        | Gained mutation: You regenerate magic rapidly. [demonic
                  | ancestry]
   179 | D        | Reached XP level 3. HP: 32/32 MP: 3/3
   184 | D        | Killed a necrophage
   184 | D        | Reached *** piety under Trog
   185 | D        | Reached skill level 6 in Long Blades
   185 | D        | Gained mutation: A meltable shield of frost defends you.
                  | (SH +4) [demonic ancestry]
   185 | D        | Reached XP level 4. HP: 41/41 MP: 4/4
   187 | D        | Reached XP level 5. HP: 47/47 MP: 5/5
   222 | D        | Found a snail-covered altar of Cheibriados.
   222 | D        | Found a shadowy altar of Dithmenos.
   222 | D        | Found a blossoming altar of Fedhas.
   222 | D        | Found an opulent altar of Gozag.
   223 | D        | Found a hazy altar of Hepliaklqana.
   224 | D        | Found a viscous altar of Jiyva.
   225 | D        | Found an ancient bone altar of Kikubaaqudgha.
   226 | D        | Found a corrupted altar of Lugonu.
   227 | D        | Found a burning altar of Makhleb.
   228 | D        | Found a sparkling altar of Nemelex Xobeh.
   229 | D        | Found an iron altar of Okawaru.
   230 | D        | Found a stormy altar of Qazlal.
   231 | D        | Found a sacrificial altar of Ru.
   232 | D        | Found a shimmering blue altar of Sif Muna.
   233 | D        | Found a bloodstained altar of Trog.
   234 | D        | Found a hide-covered altar of Uskayaw.
   235 | D        | Found a radiant altar of Vehumet.
   236 | D        | Found an ornate altar of the Wu Jian Council.
   237 | D        | Found a shimmering altar of Xom.
   238 | D        | Found a basalt altar of Yredelemnul.
   287 | D        | Noticed a centaur
   287 | D        | Noticed an orc warrior
   287 | D        | Noticed a troll
   289 | D        | Reached **** piety under Trog
   292 | D        | Killed a troll
   293 | D        | Reached skill level 8 in Long Blades
   293 | D        | Reached skill level 5 in Dodging
   293 | D        | Reached XP level 6. HP: 57/57 MP: 6/6
   296 | D        | Killed an orc warrior
   299 | D        | Reached ***** piety under Trog
   300 | D        | Reached skill level 9 in Long Blades
   307 | D        | Gained mutation: When hurt, damage is shared between your
                  | health and your magic reserves. [demonic ancestry]
   307 | D        | Reached XP level 7. HP: 18/64 MP: 7/7
   534 | D        | Noticed a basilisk
   534 | D        | Noticed a deep elf pyromancer
   534 | D        | Noticed a two-headed ogre
   534 | D        | Noticed a centaur warrior
   534 | D        | Noticed a cyclops
   541 | D        | Killed a cyclops
   542 | D        | Reached skill level 10 in Fighting
   542 | D        | Reached skill level 10 in Long Blades
   542 | D        | Reached skill level 5 in Armour
   542 | D        | Reached skill level 1 in Stealth
   551 | D        | Killed a centaur warrior
   552 | D        | Reached skill level 11 in Long Blades
   552 | D        | Reached XP level 8. HP: 74/74 MP: 5/8
   553 | D        | Killed a two-headed ogre
   554 | D        | Reached skill level 12 in Long Blades
   554 | D        | Reached skill level 1 in Shields
   554 | D        | Reached XP level 9. HP: 75/81 MP: 5/9
   558 | D        | Killed an unseen horror
   561 | D        | Killed a deep elf pyromancer
   561 | D        | Received a gift from Trog
   562 | D        | Reached skill level 13 in Long Blades
   852 | D        | Noticed a cane toad
   852 | D        | Noticed a cane toad
   853 | D        | Noticed a cane toad
   859 | D        | Killed a cane toad
   870 | D        | Killed a cane toad
   870 | D        | Received a gift from Trog
   871 | D        | Reached XP level 10. HP: 90/90 MP: 7/10
   872 | D        | Reached ****** piety under Trog
   875 | D        | Killed a cane toad
   876 | D        | Reached skill level 14 in Long Blades
  1006 | D        | Noticed a cane toad
  1013 | D        | Killed a cane toad
  1013 | D        | Received a gift from Trog
  1103 | D        | Received a gift from Trog
  1104 | D        | Reached skill level 10 in Armour
  1288 | D        | Noticed an ettin
  1304 | D        | Killed an ettin
  1305 | D        | Reached skill level 15 in Long Blades
  1305 | D        | Received a gift from Trog
  1608 | D        | Noticed an orc knight
  1618 | D        | Noticed an orc knight
  1624 | D        | Gained mutation: You are mostly covered in molten scales.
                  | (AC +3) [demonic ancestry]
  1624 | D        | Reached XP level 11. HP: 79/101 MP: 8/11
  1624 | D        | Noticed an orc sorcerer
  1625 | D        | Received a gift from Trog
  1629 | D        | Killed an orc knight
  1631 | D        | Killed an orc knight
  1633 | D        | Killed an orc sorcerer
  1635 | D        | Received a gift from Trog
  1637 | D        | Noticed an orc high priest
  1639 | D        | Killed an orc high priest
  1680 | D        | Found Gianoocs's Antique Weapon Boutique.
  1680 | D        | Noticed a two-headed ogre
  1680 | D        | Noticed a two-headed ogre
  1687 | D        | Killed a two-headed ogre
  1688 | D        | Reached skill level 15 in Fighting
  1690 | D        | Killed a two-headed ogre
  1691 | D        | Found Effegazuin's Jewellery Shop.
  1699 | D        | Received a gift from Trog
  1908 | D        | Found Hevvar's Jewellery Boutique.
  1912 | D        | Found Wimiff's Distillery.
  1916 | D        | Noticed a two-headed ogre
  1917 | D        | Noticed an ogre mage
  1918 | D        | Noticed an ogre mage
  1922 | D        | Killed a two-headed ogre
  1925 | D        | Killed an ogre mage
  1925 | D        | Received a gift from Trog
  1926 | D        | Reached skill level 16 in Long Blades
  1931 | D        | Killed an ogre mage
  1975 | D        | Bought an amulet of reflection for 300 gold pieces
  1982 | D        | Bought a ring of poison resistance for 280 gold pieces
  2012 | D        | Noticed Eustachio
  2020 | D        | Killed Eustachio
  2043 | D        | Noticed Harold
  2060 | D        | Killed Harold
  2114 | D        | Noticed Maurice
  2122 | D        | Killed Maurice
  2122 | D        | Received a gift from Trog
  2172 | D        | Found the +3 sling "Punk" {acid, rCorr}
  2280 | D        | Noticed a green ugly thing
  2280 | D        | Noticed a deep elf pyromancer
  2282 | D        | Noticed a centaur warrior
  2289 | D        | Noticed an ettin
  2295 | D        | Noticed a necromancer
  2297 | D        | Killed a green ugly thing
  2298 | D        | Killed a deep elf pyromancer
  2299 | D        | Gained mutation: You have a pair of small antennae on your
                  | head. [demonic ancestry]
  2299 | D        | Reached XP level 12. HP: 92/111 MP: 9/12
  2301 | D        | Killed a centaur warrior
  2302 | D        | Reached skill level 17 in Long Blades
  2305 | D        | Received a gift from Trog
  2307 | D        | Killed an ettin
  2310 | D        | Noticed a fire dragon
  2314 | D        | Noticed a fire dragon
  2315 | D        | Noticed an ettin
  2828 | D        | Noticed a fire dragon
  2828 | D        | Noticed a stone giant
  2833 | D        | Killed a fire dragon
  2839 | D        | Killed a fire dragon
  2840 | D        | Reached skill level 5 in Shields
  2844 | D        | Killed a stone giant
  2848 | D        | Killed an ettin
  2849 | D        | Reached skill level 18 in Long Blades
  2849 | D        | Reached skill level 1 in Evocations
  2851 | D        | Killed a fire dragon
  3125 | D        | Received a gift from Trog
  3126 | D        | Noticed a merfolk impaler
  3141 | D        | Received a gift from Trog
  3162 | D        | Mangled by a merfolk impaler

Illustrated notes

Levels and vault maps discovered:
D:        linesprint [early_d, line_temple, items_1, d_10, items_2, lair_1,
          lair_end, items_3, orc_1, orc_end, items_4, d_15, swamp_1, shoals_1,
          snake_1, spider_1, d_20, vaults_1, items_5, swamp_end, shoals_end,
          snake_end, spider_end, vaults_end, d_27, items_6, zot_1, zot_end,
          crypt_end, forest_end, elf_end, slime_end, tomb_end, abyss_end,
          pan_hell_end]

Skill      XL: |  1  2  3  4  5  6  7  8  9 10 11 12 |
---------------+-------------------------------------+-----
Long Blades    | 4 6 8 9 11 12 13 15 16 18 | 18.6
Dodging        | 2 3 5 7 8 9 |  9.3
Armour         | 2 3 4 6 7 8 10 12 13 | 13.4
Fighting       | 4 6 8 9 10 11 12 14 16 17 | 17.1
Stealth        | 1 2 3 4 |  4.0
Shields        | 1 2 3 4 5 |  5.8
Evocations     | 1 |  1.4

Action                   |  1- 3 |  4- 6 |  7- 9 | 10-12 || total
-------------------------+-------+-------+-------+-------++-------
Melee: Falchion          |    25 |     5 |       |       ||    30
       Scimitar          |       |    14 |    43 |   107 ||   164
       Great sword       |       |       |       |   118 ||   118
Invok: Berserk           |     1 |     1 |     3 |     9 ||    14
       Brothers in Arms  |       |       |       |     4 ||     4
       Trog's Hand       |       |       |       |     1 ||     1
Evoke: Wand              |       |       |       |     2 ||     2
  Use: Potion            |       |     1 |       |     3 ||     4
       Scroll            |       |       |       |     1 ||     1
 Stab: Held in net/web   |       |       |       |     1 ||     1
Armor: Animal skin       |     2 |       |       |       ||     2
       Chain mail        |       |    10 |    13 |    25 ||    48
       Plate armour      |       |       |       |    42 ||    42
Dodge: Dodged            |    20 |    10 |    10 |    87 ||   127
Block: Other             |       |     3 |     5 |    44 ||    52
       Reflection        |       |       |       |     1 ||     1
       Rpst.: Falchion   |     5 |       |       |       ||     5
       Scimitar          |       |     1 |     5 |    14 ||    20
       Great sword       |       |       |       |     6 ||     6

Table legend: (Time is in decaauts)
 A = Elapsed time spent in this place.
 B = Non-inter-level travel time spent in this place.
 C = Inter-level travel time spent in this place.
 D = Time resting spent in this place.
 E = Time spent auto-exploring this place.
 F = Levels seen in this place.
 G = Mean time per level.
                   A        B        C        D        E       F      G
               +--------+--------+--------+--------+--------+-----+--------+
         Total |   3199 |   3199 |      0 |   1927 |    328 |   1 | 3199.0 |
       Dungeon |   3199 |   3199 |      0 |   1927 |    328 |   1 | 3199.0 |
               +--------+--------+--------+--------+--------+-----+--------+

Top non-repeatable levels by time:
       D: 3199 daAuts
